 Dungeon Crawl Stone Soup version 0.20.1-1-g8b1a95d (webtiles) character file.

1119 valak24 the Slasher (level 8, -10/60 HPs)
             Began as a Yellow Draconian Fighter on July 15, 2017.
             Was an Initiate of Qazlal.
             Mangled by an orc warrior
             ... wielding a +0 war axe
              (20 damage)
             ... on level 6 of the Dungeon.
             The game lasted 00:14:13 (5139 turns).

valak24 the Slasher (Yellow Draconian Fighter)      Turns: 5139, Time: 00:14:14

Health: -10/60     AC:  9    Str: 20    XL:     8   Next: 12%
Magic:  8/8        EV: 14    Int: 11    God:    Qazlal [......]
Gold:   318        SH:  3    Dex: 11    Spells: 7/7 levels left

rFire    . . .     SeeInvis .   k - +1 great sword
rCold    . . .     Gourm    .   (shield currently unavailable)
rNeg     . . .     Faith    .   (armour unavailable)
rPois    .         Spirit   .   (helmet restricted)
rElec    .         Reflect  +   r - +0 cloak
rCorr    +         Harm     .   t - +0 pair of gloves
MR       .....                  o - +0 pair of boots
Stlth    +.........             h - +3 amulet of reflection
Regen    0.2/turn               (no ring)
MPRegen  0.2/turn               (no ring)

@: no status effects
A: spit acid, acid resistance, unfitting armour, antennae 1, clever 1, frail 1,
high mp 1, cold-blooded, subdued magic 1, AC +6
a: Breathe Acid, Renounce Religion


You were on level 6 of the Dungeon.
You worshipped Qazlal.
Qazlal was noncommittal.
You were near starving.

You visited 2 branches of the dungeon, and saw 7 of its levels.

You collected 318 gold pieces.

Inventory:

Hand Weapons
 a - a +2 long sword
 k - a +1 great sword (weapon)
Armour
 b - a +1 shield
 c - a +0 shield
 o - a +0 pair of boots (worn)
 r - a +0 cloak (worn)
 t - a +0 pair of gloves (worn)
Jewellery
 h - a +3 amulet of reflection (around neck)
 u - an uncursed amulet of faith {unknown}
Wands
 f - a wand of acid (11/15)
 i - a wand of acid (8/15)
Scrolls
 e - 2 scrolls of remove curse
 g - 2 scrolls of identify
 p - a scroll of amnesia
Potions
 j - 2 potions of flight
 m - 3 potions of resistance {unknown}
 v - 2 potions of brilliance
Books
 s - a book of Geomancy

   Spells                             Type                      Level
   a - Sandblast                      Earth                        1
   b - Passwall                       Transmutation/Earth          2
   c - Stone Arrow                    Conjuration/Earth            3
   d - Petrify                        Transmutation/Earth          4
   e - Lee's Rapid Deconstruction     Earth                        5
Comestibles
 d - 2 bread rations
 l - 2 meat rations
 n - 2 royal jellies
 q - 8 fruits


   Skills:
 * Level 4.7 Fighting
 * Level 6.3 Long Blades
 * Level 4.8 Dodging
 + Level 1.1 Stealth
 * Level 5.7 Shields


You had 7 spell levels left.
You didn't know any spells.

Dungeon Overview and Level Annotations

Branches:
Dungeon (6/15)             Temple (1/1) D:6

Altars:
Ashenzari
Cheibriados
Dithmenos
Elyvilon
Fedhas
Kikubaaqudgha
Makhleb
Qazlal
Ru
Uskayaw
Yredelemnul
The Shining One

Annotations:
D:4 Eustachio


Innate Abilities, Weirdness & Mutations

You can spit globs of acid.
You are resistant to acid.
Your golden yellow scales are hard. (AC +6)
You cannot fit into any form of body armour.
You are cold-blooded and may be slowed by cold attacks.
You have a pair of small antennae on your head.
Your mind is acute. (Int +2)
You are frail. (-10% HP)
You have an increased reservoir of magic. (+10% MP)
Your spells are a little easier to cast, but a little less powerful.


Message History

* * * LOW HITPOINT WARNING * * *
The orc warrior closely misses you.
You closely miss the orc warrior.
The orc warrior is almost dead.
You have got your breath back.
The orc warrior hits you with a war axe.
* * * LOW HITPOINT WARNING * * *
You barely miss the orc warrior.
The orc warrior is almost dead.
The orc warrior closely misses you.
You riposte.
You closely miss the orc warrior.
The orc warrior is almost dead.
You barely miss the orc warrior.
The orc warrior is almost dead.
The orc warrior hits you with a war axe!
* * * LOW HITPOINT WARNING * * *
You barely miss the orc warrior.
The orc warrior is almost dead.
The orc warrior hits you with a war axe!!
You die...

#.#....(..........#
#.#.#.#.######.##.####
#.........###........#
##.#.......##......##.#
#......._..###...#..... ..#
#.##.#.....# #..#####.# #.#
#.##.#.....# #.)# # ...
#.##....#### #.o#####.# #.#
#.###.#.# #.@......# #.# #.#
#.#.# ##...###### #.###
#.###.#.# ##.....## ###...#
#.......# ##.......## ##.#.#.#
###.....####.........####......#
...........'.........'........##
###.#...####........(####...#.#
# #.##.## ##.......## ##.##.# #
#.#### ##.....## ######.#


You could see an orc warrior.

Vanquished Creatures
  An ice beast (D:5)
  A sky beast (D:5)
  A phantom (D:6)
  A bullfrog (D:6)
  A crimson imp (D:6)
  A howler monkey (D:6)
  A hound (D:6)
  4 orc priests
  2 orc wizards (D:5)
  3 gnoll shamans
  5 worker ants
  2 howler monkey zombies (D:5)
  A worker ant zombie (D:6)
  11 gnolls
  4 adders
  A shadow imp (D:5)
  2 oozes
  An adder skeleton (D:6)
  A worm (D:4)
  2 dart slugs
  4 leopard geckos
  22 orcs
  5 giant cockroaches
  7 goblins
  8 hobgoblins
  4 jackals
  6 kobolds
  3 quokkas
  4 bats
  4 frilled lizards
  A quokka zombie (D:6)
  12 rats
126 creatures vanquished.

Notes
Turn   | Place    | Note
-------+----------+-------------------------------------------
     0 | D:1      | valak24 the Draconian Fighter began the quest for the Orb.
     0 | D:1      | Reached XP level 1. HP: 19/19 MP: 1/1
    65 | D:1      | Reached XP level 2. HP: 19/26 MP: 2/2
   733 | D:2      | Reached XP level 3. HP: 33/33 MP: 3/3
  1299 | D:3      | Reached XP level 4. HP: 30/40 MP: 4/4
  1536 | D:3      | Found a shadowy altar of Dithmenos.
  1601 | D:3      | Reached skill level 3 in Long Blades
  1930 | D:4      | Found a hide-covered altar of Uskayaw.
  2229 | D:4      | Noticed Eustachio
  2229 | D:4      | Noticed an ogre
  2246 | D:5      | Entered Level 5 of the Dungeon
  2285 | D:5      | Reached XP level 5. HP: 30/46 MP: 5/5
  2908 | D:5      | Reached skill level 4 in Long Blades
  2908 | D:5      | Reached XP level 6. HP: 52/52 MP: 6/6
  3105 | D:5      | Noticed a sky beast
  3114 | D:5      | Killed a sky beast
  3118 | D:5      | Gained mutation: You have an increased reservoir of magic. (+10% MP) [mutagenic meat]
  3119 | D:5      | Gained mutation: You are frail. (-10% HP) [mutagenic meat]
  3120 | D:5      | Gained mutation: You have a pair of small antennae on your head. [mutagenic meat]
  3121 | D:5      | Gained mutation: Your mind is acute. (Int +2) [mutagenic meat]
  3122 | D:5      | Gained mutation: Your spells are a little easier to cast, but a little less powerful. [mutagenic meat]
  3333 | D:5      | Noticed an ice beast
  3349 | D:5      | Killed an ice beast
  3349 | D:5      | Reached skill level 5 in Long Blades
  3349 | D:5      | Reached skill level 5 in Shields
  3349 | D:5      | Your scales start taking on a golden yellow colour.
  3349 | D:5      | Reached XP level 7. HP: 44/54 MP: 7/7
  3875 | D:6      | Found a stormy altar of Qazlal.
  3879 | D:6      | Became a worshipper of Qazlal Stormbringer
  3904 | D:6      | Found an ancient bone altar of Kikubaaqudgha.
  3932 | D:6      | Found a burning altar of Makhleb.
  4341 | D:6      | Reached skill level 6 in Long Blades
  4570 | D:6      | Reached XP level 8. HP: 55/60 MP: 8/8
  4582 | D:6      | Found a blossoming altar of Fedhas.
  4595 | D:6      | Reached skill level 1 in Stealth
  4735 | D:6      | Found a staircase to the Ecumenical Temple.
  4741 | Temple   | Entered the Ecumenical Temple
  5139 | D:6      | Mangled by an orc warrior

Skill      XL: |  1  2  3  4  5  6  7  8 |
---------------+-------------------------+-----
Dodging        | 3 4 |  4.8
Long Blades    | 3 4 5 6 |  6.3
Shields        | 4 5 |  5.7
Fighting       | 4 |  4.7
Stealth        | 1 |  1.1

Action                   |  1- 3 |  4- 6 |  7- 9 || total
-------------------------+-------+-------+-------++-------
Melee: Long sword        |   128 |   224 |    41 ||   393
       Tailslap          |     9 |    26 |    22 ||    57
       Great sword       |       |       |    57 ||    57
 Abil: Breathe Acid      |       |       |     6 ||     6
  Use: Scroll            |     3 |     7 |     1 ||    11
       Potion            |     5 |     8 |     1 ||    14
  Eat: Bread ration      |     1 |     1 |       ||     2
       Chunk             |       |     6 |     4 ||    10
Armor: Skin              |    32 |    78 |    26 ||   136
Dodge: Dodged            |    36 |    83 |    56 ||   175
Block: Shield            |    89 |   195 |    30 ||   314
       Reflection        |     1 |     2 |       ||     3
       Other             |       |       |     6 ||     6
       Rpst.: Long sword |    15 |    26 |     6 ||    47
       Great sword       |       |       |    12 ||    12
